 Dungeon Crawl Stone Soup version 0.31-a0-931-g7b59d4eb97 (webtiles) character file.

Game seed: 13749921478999084440

81 gelatine the Ruffian (level 4, -1/32 HPs)
             Began as a Demonspawn Shapeshifter on Oct 20, 2023.
             Slain by an ufetubus (3 damage)
             ... on level 3 of the Dungeon.
             The game lasted 00:04:20 (2152 turns).

gelatine the Ruffian (Demonspawn Shapeshifter)      Turns: 2152, Time: 00:04:20

Health: -1/32      AC:  2    Str: 16    XL:     4   Next: 19%
Magic:  4/4        EV: 12    Int: 11    God:
Gold:   77         SH:  0    Dex: 13    Spells: 3/3 levels left

rFire   . .          .
                       - Unarmed
rCold   . . .        (no shield)
rNeg    . . .        a - +0 animal skin
rPois   .            (helmet currently unavailable)
rElec   .            (cloak currently unavailable)
rCorr   .            (gloves currently unavailable)
SInv    .            (boots currently unavailable)
Will    .....        (no amulet)
Stlth   +            (no ring)
HPRegen 0.25/turn    (no ring)
MPRegen 0.09/turn

%: no passive effects
@: beast-form
A: beast (slay +1), demonic guardian 1, ignite blood 1
a: Begin Untransformation


You were on level 3 of the Dungeon.
You were a hulking beast.
You visited 1 branch of the dungeon, and saw 3 of its levels.

You collected 77 gold pieces.

Inventory:

Missiles
 m - 7 stones (quivered)
 o - 3 boomerangs
 r - 4 poisoned darts
Armour
 a - a +0 animal skin (worn)
 g - a +0 pair of boots
 i - a +0 cloak
Talismans
 c - a beast talisman (active)
 d - a flux talisman
Wands
 u - a wand of charming (10)
Scrolls
 h - 4 scrolls of identify {unknown}
 l - a scroll of enchant weapon {unknown}
 q - a scroll of amnesia {unknown}
 s - a scroll of fog {unknown}
 t - a scroll of fear {unknown}
Potions
 b - a potion of lignification
 e - a potion of might {unknown}
 f - a potion of curing {unknown}
 j - a potion of enlightenment {unknown}
 k - a potion of heal wounds {unknown}
 n - a potion of haste {unknown}
 p - a potion of invisibility {unknown}
 v - a potion of brilliance {unknown}


   Skills:
 + Level 1.0 Fighting
 + Level 2.4 Dodging
 + Level 0.5 Stealth
 + Level 4.0 Unarmed Combat
 + Level 2.8 Shapeshifting


You had 3 spell levels left.
You didn't know any spells.
Your spell library was empty.

Dungeon Overview and Level Annotations

Branches:
Dungeon (3/15)

Altars:


Innate Abilities, Weirdness & Mutations

You are a hulking beast.
Your limbs bulge with bestial killing power. (Slay +1)
A weak demonic guardian rushes to your aid.
Your demonic aura sometimes causes spilled blood to erupt in flames.


Message History

The ufetubus barely misses you.
A rat comes into view.
There is an open door here.
You throw a stone. The stone misses the ufetubus.
The stone hits the ufetubus.
The ufetubus is lightly wounded.
The ufetubus hits you. The ufetubus closely misses you.
You hit the ufetubus.
The ufetubus is heavily wounded.
The ufetubus slips past you! The ufetubus misses you.
The ufetubus closely misses you. The ufetubus hits you. x2
You miss the ufetubus.
The ufetubus is lightly wounded.
The ufetubus hits you. x2; The ufetubus closely misses you. x3
The ufetubus hits you.
You hit the ufetubus.
The ufetubus is moderately wounded.
The ufetubus misses you. The ufetubus hits you. x2
The ufetubus hits you but does no damage.
You closely miss the ufetubus.
The ufetubus is moderately wounded.
The ufetubus barely misses you.
The ufetubus hits you but does no damage.
The ufetubus hits you. The ufetubus completely misses you.
The ufetubus hits you but does no damage.
The ufetubus closely misses you.
You miss the ufetubus.
The ufetubus is heavily wounded.
The ufetubus hits you. The ufetubus misses you. The ufetubus hits you.
* * * LOW HITPOINT WARNING * * *
The ufetubus closely misses you. x2; The ufetubus barely misses you.
The ufetubus hits you but does no damage.
The ufetubus hits you.
* * * LOW HITPOINT WARNING * * *
A demonic guardian appears!
The ufetubus hits you.
* * * LOW HITPOINT WARNING * * *
The ufetubus misses you.
Your ufetubus closely misses the ufetubus.
Your ufetubus hits the ufetubus. The ufetubus hits you.
You die...

##+## ##...##
##.....##
##.......## .##
#.........###....#
+.........5r./....
#......5.°####...#
##.....5.## .
##..).h## ##...##
##'##
#######.#####.#
#..............
#.####..#######
##...##
#.###.....#.#
#..........#


You could see 2 ufetubi, a rat and a friendly ufetubus (summoned).

Vanquished Creatures
  A gnoll (D:1)
  3 adders (D:2)
  2 orcs (D:3)
  2 ball pythons (D:2)
  3 endoplasms
  3 giant cockroaches
  4 goblins (D:2)
  5 hobgoblins
  4 kobolds
  3 quokkas
  5 bats
  2 frilled lizards (D:1)
  A rat (D:1)
38 creatures vanquished.

Vanquished Creatures (collateral kills)
  A frilled lizard (D:1)
1 creature vanquished.

Grand Total: 39 creatures vanquished

Notes
Turn   | Place    | Note
-------+----------+-------------------------------------------
     0 | D:1      | gelatine the Demonspawn Shapeshifter began the quest for
                  | the Orb.
     0 | D:1      | Reached XP level 1. HP: 15/15 MP: 1/1
    64 | D:1      | Reached skill level 3 in Unarmed Combat
   259 | D:1      | Gained mutation: A weak demonic guardian rushes to your
                  | aid. [demonic ancestry]
   259 | D:1      | Reached XP level 2. HP: 20/21 MP: 2/2
   838 | D:2      | Gained mutation: Your demonic aura sometimes causes spilled
                  | blood to erupt in flames. [demonic ancestry]
   838 | D:2      | Reached XP level 3. HP: 26/26 MP: 3/3
   902 | D:2      | Found a faded altar of an unknown god.
  1797 | D:2      | Reached XP level 4. HP: 28/32 MP: 4/4
  2102 | D:3      | Reached skill level 4 in Unarmed Combat
  2150 | D:3      | HP: 1/32 [ufetubus (4)]
  2152 | D:3      | Slain by an ufetubus

Illustrated notes

Levels and vault maps discovered:
D:1:      scummos_arrival_hexagon, layout_loops_cross
D:2:      kennysheep_big_flooded_room, layout_basic,
          shapermc_ecumenical_altar_mp_urbaneastern
D:3:      layout_loops_corners, nicolae_ashenzari_panopticon, elyvilon_altar_1,
          nicolae_elevator_lobby_asterisk

Skill      XL: |  1  2  3  4 |
---------------+-------------+-----
Unarmed Combat | 3 4 |  4.0
Dodging        | 2 |  2.4
Fighting       | |  1.0
Stealth        | |  0.5
Shapeshifting  | |  2.8

Action                     |  1- 3 |  4- 6 || total
---------------------------+-------+-------++-------
  Melee: Unarmed           |    92 |    15 ||   107
         Punch             |     3 |       ||     3
  Throw: Stone             |     7 |    10 ||    17
   Stab: Sleeping          |     1 |       ||     1
 Armour: Animal skin       |    44 |    22 ||    66
  Dodge: Dodged            |    60 |    20 ||    80

Table legend: (Time is in decaauts)
 A = Elapsed time spent in this place.
 B = Non-inter-level travel time spent in this place.
 C = Inter-level travel time spent in this place.
 D = Time resting spent in this place.
 E = Time spent auto-exploring this place.
 F = Levels seen in this place.
 G = Mean time per level.
                   A        B        C        D        E       F      G
               +--------+--------+--------+--------+--------+-----+--------+
         Total |   2145 |   1984 |    161 |      0 |   1581 |   3 |  715.0 |
       Dungeon |   2145 |   1984 |    161 |      0 |   1581 |   3 |  715.0 |
               +--------+--------+--------+--------+--------+-----+--------+

Top non-repeatable levels by time:
     D:2: 1154 daAuts
     D:1: 767 daAuts
     D:3: 223 daAuts
